 Dungeon Crawl Stone Soup version 0.19-a0-1210-g5c1aa26 (webtiles) character file.

387518 magipi the Fencer (level 22, 0/146 HPs)
             Began as a Deep Elf Berserker on Aug 18, 2016.
             Was a High Priest of Trog.
             Slain by a caustic shrike (28 damage)
             ... on level 3 of the Depths on Aug 22, 2016.
             The game lasted 05:07:35 (51326 turns).

magipi the Fencer (Deep Elf Berserker)             Turns: 51326, Time: 05:07:36

Health: 0/146      AC: 13    Str: 17    XL:     22   Next: 3%
Magic:  36/36      EV: 22    Int: 16    God:    Trog [*****.]
Gold:   359        SH:  0    Dex: 21    Spells: 0 memorised, 21 levels left

rFire  . . .     SeeInvis .     n - +7 great sword (vamp)
rCold  . . .     Gourm    .     A - +1 swamp dragon armour
rNeg   . . .     Faith    .     (shield currently unavailable)
rPois  +         Spirit   .     (helmet restricted)
rElec  .         Dismiss  .     y - +1 cloak
rCorr  +         Reflect  .     W - +2 pair of gloves {Str+3}
MR     ++...     Harm     .     e - +1 pair of boots
Stlth  +.........               r - amulet of regeneration
                                x - ring of resist corrosion
                                S - ring of Robustness {AC+8}

@: exhausted, corroded, very slightly contaminated
A: horns 1
a: Berserk, Trog's Hand, Brothers in Arms, Burn Spellbooks, Renounce Religion
}: 2/15 runes: decaying, serpentine


You were on level 3 of the Depths.
You worshipped Trog.
Trog was extremely pleased with you.
You were very hungry.

You visited 8 branches of the dungeon, and saw 39 of its levels.
You visited the Abyss 1 time.
You visited 2 bazaars.

You collected 3741 gold pieces.
You spent 3382 gold pieces at shops.

Notes
Turn   | Place    | Note
-------+----------+-------------------------------------------
     0 | D:1      | magipi the Deep Elf Berserker began the quest for the Orb.
     0 | D:1      | Reached XP level 1. HP: 13/13 MP: 3/3
   236 | D:1      | Reached skill level 3 in Long Blades
   370 | D:1      | Reached XP level 2. HP: 15/18 MP: 4/4
  1103 | D:2      | Noticed Robin
  1160 | D:2      | Found a white marble altar of Elyvilon.
  1188 | D:2      | Reached XP level 3. HP: 22/22 MP: 5/5
  1207 | D:2      | Reached skill level 4 in Long Blades
  1230 | D:2      | Reached ** piety under Trog
  1755 | D:2      | Killed Robin
  1809 | D:2      | Found a glowing golden altar of the Shining One.
  1812 | D:2      | Found a snail-covered altar of Cheibriados.
  1815 | D:2      | Found a blossoming altar of Fedhas.
  1887 | D:2      | Found a hazy altar of Hepliaklqana.
  1972 | D:3      | Reached XP level 4. HP: 27/27 MP: 6/6
  2350 | D:3      | Noticed an ogre
  2371 | D:3      | Killed an ogre
  2371 | D:3      | Reached skill level 5 in Long Blades
  2371 | D:3      | Reached XP level 5. HP: 31/31 MP: 7/7
  2430 | D:3      | Found a white marble altar of Elyvilon.
  2431 | D:3      | Noticed Duffy's ghost (amateur VSTm)
  2458 | D:3      | Killed Duffy's ghost
  2458 | D:3      | Reached skill level 6 in Long Blades
  2481 | D:3      | Reached XP level 6. HP: 30/36 MP: 8/8
  3537 | D:4      | Found Fusireoz's Magic Scroll Boutique.
  3554 | D:4      | Bought a scroll of fog for 20 gold pieces
  3554 | D:4      | Bought a scroll of identify for 20 gold pieces
  3808 | D:4      | Bought a scroll of enchant armour for 75 gold pieces
  4415 | D:4      | Reached skill level 7 in Long Blades
  4416 | D:4      | Reached *** piety under Trog
  5004 | D:4      | Reached XP level 7. HP: 30/40 MP: 9/9
  5051 | D:4      | Bought a scroll of recharging for 95 gold pieces
  5051 | D:4      | Bought a scroll of enchant weapon for 75 gold pieces
  5071 | D:5      | Entered Level 5 of the Dungeon
  5308 | D:5      | Found a shadowy altar of Dithmenos.
  5553 | D:5      | Noticed Menkaure
  5563 | D:5      | HP: 2/60 [adder (3)]
  5570 | D:5      | Killed Menkaure
  5570 | D:5      | Reached skill level 8 in Long Blades
  6228 | D:5      | Got a faintly humming helmet
  6229 | D:5      | Identified the +1 helmet of the Falcon {*Drain +Blink MR+++ Slay-4} (You found it on level 5 of the Dungeon)
  6401 | D:5      | Reached **** piety under Trog
  6706 | D:6      | Reached XP level 8. HP: 29/46 MP: 10/10
  7174 | D:6      | Found a white marble altar of Elyvilon.
  7484 | D:6      | Found a sacrificial altar of Ru.
  7532 | D:6      | Reached skill level 9 in Long Blades
  7807 | D:7      | Found a hide-covered altar of Uskayaw.
  7895 | D:7      | Found a staircase to the Ecumenical Temple.
  7908 | Temple   | Entered the Ecumenical Temple
  8345 | D:7      | Found Bixzuobu's Distillery.
  8367 | D:7      | Reached skill level 10 in Long Blades
  8371 | D:7      | Reached skill level 5 in Fighting
  8371 | D:7      | Reached XP level 9. HP: 51/54 MP: 11/11
  8378 | D:7      | Bought a potion of curing for 39 gold pieces
  8378 | D:7      | Bought a potion of degeneration for 13 gold pieces
  8391 | D:7      | Found a stormy altar of Qazlal.
  8437 | D:7      | Got a smoking leather armour
  8607 | D:7      | Found an ancient bone altar of Kikubaaqudgha.
  8629 | D:7      | Got a steaming ruby amulet
  8630 | D:7      | Identified the amulet of Betwovi {Gourm *Confuse rPois Dex+2 Slay+3} (You found it on level 7 of the Dungeon)
  9199 | D:7      | Noticed Joseph
  9212 | D:7      | Killed Joseph
  9212 | D:7      | Reached skill level 11 in Long Blades
  9371 | D:7      | Reached ***** piety under Trog
  9700 | D:7      | Bought a potion of heal wounds for 65 gold pieces
  9911 | D:8      | Reached XP level 10. HP: 55/61 MP: 12/12
 10263 | D:8      | Noticed Pikel
 10296 | D:8      | Killed Pikel
 10296 | D:8      | Reached skill level 1 in Evocations
 10364 | D:8      | Got a slimy golden amulet
 10409 | D:8      | Found a glowing golden altar of the Shining One.
 11116 | D:9      | Received a gift from Trog
 11118 | D:9      | Reached skill level 5 in Dodging
 11886 | D:10     | Entered Level 10 of the Dungeon
 11923 | D:10     | Reached skill level 5 in Evocations
 12185 | D:10     | Reached XP level 11. HP: 66/66 MP: 5/17
 12321 | D:10     | Found Ihivus's Magic Scroll Shoppe.
 12324 | D:10     | Bought a scroll of fear for 56 gold pieces
 12324 | D:10     | Bought a scroll of identify for 32 gold pieces
 12324 | D:10     | Bought a scroll of identify for 32 gold pieces
 12325 | D:10     | Identified the amulet "Plog" {Inacc *Drain rElec rF+ Dex+7} (You found it on level 8 of the Dungeon)
 12486 | D:10     | Found Guilait's Antique Weapon Shoppe.
 12591 | D:10     | Reached skill level 5 in Armour
 12949 | D:11     | Found a staircase to the Lair.
 13018 | D:11     | Noticed Josephine
 13039 | D:10     | Received a gift from Trog
 13197 | D:11     | Killed Josephine
 14745 | D:11     | Found a staircase to the Orcish Mines.
 14822 | D:11     | Received a gift from Trog
 14925 | D:7      | Bought 2 potions of might for 104 gold pieces
 15038 | Lair:1   | Entered Level 1 of the Lair of Beasts
 15397 | Lair:1   | Noticed herpmino's ghost (novice FeAr)
 15403 | Lair:1   | Killed herpmino's ghost
 15403 | Lair:1   | Reached XP level 12. HP: 71/71 MP: 20/20
 16090 | Lair:1   | Reached skill level 12 in Long Blades
 16352 | Lair:2   | Found a staircase to the Swamp.
 16454 | Lair:2   | Reached ****** piety under Trog
 16855 | Lair:2   | Found a staircase to the Snake Pit.
 17576 | Lair:3   | Noticed a four-headed hydra
 17593 | Lair:3   | Killed an 11-headed hydra
 17716 | Lair:3   | Reached skill level 10 in Evocations
 17871 | Lair:3   | Reached XP level 13. HP: 78/78 MP: 22/22
 18241 | Lair:3   | Received a gift from Trog
 18473 | Lair:4   | Reached skill level 13 in Long Blades
 19061 | Lair:4   | Noticed Urug
 19085 | Lair:4   | Killed Urug
 19607 | Lair:5   | Found a staircase to the Slime Pits.
 19645 | Lair:5   | Received a gift from Trog
 19790 | Lair:5   | Noticed Nessos
 19848 | Lair:5   | Killed Nessos
 20434 | Lair:5   | Reached skill level 14 in Long Blades
 20549 | Lair:5   | Reached XP level 14. HP: 86/86 MP: 25/25
 20883 | Lair:6   | Entered Level 6 of the Lair of Beasts
 20904 | Lair:6   | Received a gift from Trog
 20928 | Lair:6   | Noticed an azure jelly
 20945 | Lair:6   | Killed an azure jelly
 21973 | Lair:6   | Reached skill level 15 in Long Blades
 22055 | Lair:6   | Gained mutation: You have a pair of small horns on your head. [potion of beneficial mutation]
 22383 | Lair:6   | Received a gift from Trog
 22589 | Lair:6   | Reached skill level 16 in Long Blades
 23625 | Orc:1    | Entered Level 1 of the Orcish Mines
 23641 | Orc:1    | Found a roughly hewn altar of Beogh.
 23662 | Orc:1    | Noticed Erolcha
 23681 | Orc:1    | Killed Erolcha
 23721 | Orc:1    | Noticed Harold
 23768 | Orc:1    | Killed Harold
 24002 | Orc:1    | Found a roughly hewn altar of Beogh.
 24083 | Orc:1    | Noticed Snorg
 24090 | Orc:1    | Killed Snorg
 24196 | Orc:2    | Entered Level 2 of the Orcish Mines
 24200 | Orc:2    | Noticed Ijustatesigmund's ghost (journeyman DsFi)
 24210 | Orc:2    | Received a gift from Trog
 24266 | Orc:2    | Noticed Azrael
 24288 | Orc:2    | Killed Azrael
 24446 | Orc:2    | Reached skill level 10 in Dodging
 24467 | Orc:2    | Reached XP level 15. HP: 88/88 MP: 26/26
 24496 | Orc:2    | Found a flickering gateway to a bazaar.
 24531 | Bazaar   | Entered a bazaar
 24531 | Bazaar   | Found Teifa's Gadget Emporium.
 24531 | Bazaar   | Found Wacesein's Food Shop.
 24531 | Bazaar   | Found Halepeef's Food Shoppe.
 24531 | Bazaar   | Found Giocu's Food Shop.
 24533 | Bazaar   | Found Laufyor's Food Shoppe.
 24533 | Bazaar   | Found Nuweas's Weapon Boutique.
 24557 | Bazaar   | Bought a phial of floods for 440 gold pieces
 24557 | Bazaar   | Bought a wand of confusion (38/48) for 330 gold pieces
 24586 | Orc:2    | Found a burning altar of Makhleb.
 24687 | Orc:2    | Found a staircase to the Elven Halls.
 24731 | Orc:2    | Found a roughly hewn altar of Beogh.
 24732 | Orc:2    | Found Dalyer's Magic Scroll Emporium.
 24838 | Orc:2    | Noticed an orc warlord
 24856 | Orc:2    | Killed an orc warlord
 24883 | Orc:2    | Received a gift from Trog
 25010 | Orc:2    | Found Oheuc's Antique Weapon Shoppe.
 25011 | Orc:2    | Found a roughly hewn altar of Beogh.
 25016 | Orc:2    | Found Rehapriz's Antique Armour Emporium.
 25074 | Orc:2    | Killed Ijustatesigmund's ghost
 25165 | Orc:2    | Found a roughly hewn altar of Beogh.
 25216 | Orc:2    | Found a roughly hewn altar of Beogh.
 25283 | Orc:2    | Found a roughly hewn altar of Beogh.
 25296 | Orc:2    | Found Zexij's Book Shoppe.
 25379 | Orc:2    | Found a roughly hewn altar of Beogh.
 25613 | Orc:2    | Found a roughly hewn altar of Beogh.
 25723 | Orc:2    | Bought a pair of boots for 121 gold pieces
 25723 | Orc:2    | Bought a faintly humming scale mail for 243 gold pieces
 25740 | Orc:2    | Identified the +1 scale mail of Exclusion {Str+3 Int+2} (You bought it in a shop on level 2 of the Orcish Mines)
 25920 | D:12     | Received a gift from Trog
 27091 | D:12     | Found Juoveomp's Jewellery Shop.
 27369 | D:12     | Received a gift from Trog
 27710 | D:13     | Reached skill level 10 in Fighting
 27721 | D:13     | Found Ymijaemu's Magic Scroll Boutique.
 27724 | D:13     | Bought a scroll of identify for 34 gold pieces
 27724 | D:13     | Bought a scroll of blinking for 127 gold pieces
 27724 | D:13     | Bought a scroll of magic mapping for 59 gold pieces
 27724 | D:13     | Bought a scroll of teleportation for 51 gold pieces
 27914 | D:13     | Noticed Sonja
 27930 | D:13     | Killed Sonja
 28116 | D:13     | Reached skill level 10 in Armour
 28313 | D:13     | Found Nato Vij's Magic Scroll Emporium.
 28316 | D:13     | Bought a scroll of identify for 24 gold pieces
 28316 | D:13     | Bought a scroll of identify for 24 gold pieces
 28581 | D:14     | Noticed Rupert
 28594 | D:14     | Killed Rupert
 29034 | D:14     | Found a gate to the Vaults.
 29100 | D:14     | Reached XP level 16. HP: 65/97 MP: 27/27
 29228 | D:15     | Entered Level 15 of the Dungeon
 29274 | D:15     | Received a gift from Trog
 29771 | D:15     | Found a staircase to the Depths.
 29971 | D:12     | Got a fine great sword {god gift}
 29973 | D:12     | Identified the +7 great sword of the Bruised Ships {freeze, *Noise rPois rN+} (Trog gifted it to you on level 12 of the Dungeon)
 30012 | Swamp:1  | Entered Level 1 of the Swamp
 30724 | Swamp:1  | Received a gift from Trog
 30941 | Swamp:2  | Noticed Louise
 30973 | Swamp:2  | Killed Louise
 31177 | Swamp:2  | Noticed a thorn hunter
 31455 | Swamp:4  | Entered Level 4 of the Swamp
 31772 | Swamp:4  | Noticed Kirke
 31963 | Swamp:4  | Killed Kirke
 32863 | Swamp:4  | Noticed the 27-headed Lernaean hydra
 32898 | Swamp:4  | Got a decaying rune of Zot
 33153 | Swamp:2  | Killed a thorn hunter
 33153 | Swamp:2  | Reached XP level 17. HP: 105/108 MP: 28/28
 33318 | D:12     | Bought an uncursed ring of protection from fire for 275 gold pieces
 33395 | Snake:1  | Entered Level 1 of the Snake Pit
 33395 | Snake:1  | Noticed Aizul
 33417 | Snake:1  | Killed Aizul
 33539 | Snake:1  | Noticed Agnes
 33554 | Snake:1  | Killed Agnes
 33695 | Snake:1  | Noticed Nikola
 33724 | Snake:1  | Killed Nikola
 34244 | Snake:2  | Found Ceimo's Weapon Boutique.
 34294 | Snake:2  | Found a shimmering altar of Xom.
 34493 | Snake:2  | Received a gift from Trog
 34795 | Snake:2  | You fall through a shaft!
 34820 | Snake:3  | Found Xovuz's Antique Weapon Shop.
 34820 | Snake:3  | Found Wugis's Food Boutique.
 34821 | Snake:3  | Found Camoth's Antique Weapon Shop.
 34823 | Snake:3  | Found Voje's Jewellery Boutique.
 34848 | Snake:3  | Bought an uncursed ring of see invisible for 285 gold pieces
 35539 | Snake:3  | Reached skill level 17 in Long Blades
 36157 | Snake:4  | Entered Level 4 of the Snake Pit
 36267 | Snake:4  | Reached skill level 1 in Throwing
 37055 | Snake:4  | Received a gift from Trog
 37145 | Snake:4  | Reached XP level 18. HP: 109/116 MP: 30/30
 37921 | Snake:4  | Got a serpentine rune of Zot
 38189 | Vaults:1 | Entered Level 1 of the Vaults
 38942 | Vaults:1 | Reached skill level 5 in Throwing
 38969 | Vaults:1 | Received a gift from Trog
 39136 | Vaults:1 | Reached skill level 15 in Evocations
 39559 | Vaults:1 | Found Xacaut's Food Emporium.
 40286 | Vaults:2 | Reached skill level 18 in Long Blades
 40621 | Vaults:2 | Reached XP level 19. HP: 117/121 MP: 32/32
 41820 | Vaults:3 | Noticed a lich
 41840 | Vaults:3 | Killed a lich
 41840 | Vaults:3 | Received a gift from Trog
 43244 | Vaults:3 | Found a staircase to the Crypt.
 43798 | Vaults:4 | Received a gift from Trog
 43836 | Vaults:4 | Received a gift from Trog
 43963 | Vaults:4 | Identified a scroll of acquirement
 44027 | Vaults:4 | Received a gift from Trog
 44243 | Vaults:4 | Upgraded the game from 0.19-a0-1185-gacb3972 to 0.19-a0-1193-g2641e52
 44534 | Vaults:4 | Received a gift from Trog
 44627 | Vaults:4 | Reached XP level 20. HP: 128/128 MP: 33/33
 44908 | Vaults:4 | Received a gift from Trog
 44925 | Vaults:4 | Reached skill level 10 in Throwing
 44935 | Vaults:4 | Reached skill level 15 in Fighting
 45307 | Depths:1 | Entered Level 1 of the Depths
 45445 | Depths:1 | Found a flickering gateway to a bazaar.
 45461 | Bazaar   | Entered a bazaar
 45461 | Bazaar   | Found Wuwic's Antique Weapon Shop.
 45461 | Bazaar   | Found Zanad's Antique Armour Shop.
 45502 | Bazaar   | Found Lamuif's Distillery.
 45523 | Bazaar   | Bought the +0 pair of fencer's gloves {+Riposte Dex+6} for 626 gold pieces
 45523 | Bazaar   | Bought a glowing helmet for 117 gold pieces
 45619 | Depths:1 | Received a gift from Trog
 45671 | Depths:1 | Found Yrro's Gadget Emporium.
 45671 | Depths:1 | Found Qutsaovi's Jewellery Boutique.
 45672 | Depths:1 | Found Etrots's Jewellery Boutique.
 45806 | Depths:1 | Found a gateway to Hell.
 46581 | Depths:2 | Received a gift from Trog
 46798 | Depths:2 | Found a one-way gate to the infinite horrors of the Abyss.
 47427 | Depths:2 | Received a gift from Trog
 47794 | Depths:2 | Received a gift from Trog
 48094 | Depths:2 | Received a gift from Trog
 48094 | Depths:2 | Reached XP level 21. HP: 137/137 MP: 34/34
 48321 | Depths:2 | Noticed a golden dragon
 48416 | Depths:2 | Noticed a caustic shrike
 48418 | Depths:2 | Noticed a caustic shrike
 48419 | Depths:2 | Noticed a caustic shrike
 48437 | Depths:2 | Killed a caustic shrike
 48441 | Depths:2 | Killed a caustic shrike
 48675 | Depths:2 | Killed a caustic shrike
 49004 | Depths:2 | Killed a golden dragon
 49450 | D:13     | Upgraded the game from 0.19-a0-1193-g2641e52 to 0.19-a0-1210-g5c1aa26
 49635 | Depths:3 | Received a gift from Trog
 50130 | Depths:3 | Received a gift from Trog
 50209 | Depths:3 | Noticed a caustic shrike
 50228 | Depths:3 | Killed a caustic shrike
 50275 | Depths:3 | Got a slimy chain mail
 50277 | Depths:3 | Identified the +10 chain mail "Diajir" {+Fly MR++ rCorr Dex-4} (You found it on level 3 of the Depths)
 50733 | Depths:3 | Cast into level 4 of the Abyss (a lich)
 50809 | Abyss:5  | Entered Level 5 of the Abyss
 51045 | Abyss:5  | Found a corrupted altar of Lugonu.
 51140 | Depths:3 | Escaped the Abyss
 51274 | Depths:3 | Reached XP level 22. HP: 99/146 MP: 36/36
 51297 | Depths:3 | Noticed a caustic shrike
 51310 | Depths:3 | HP: 7/146 [acid (3)]
 51326 | Depths:3 | Slain by a caustic shrike

Inventory:

Hand Weapons
 n - a +7 vampiric great sword (weapon)
Missiles
 k - 19 javelins (quivered)
 o - 3 javelins of penetration
 p - 9 poisoned javelins
Armour
 a - the +0 pair of fencer's gloves {+Riposte Dex+6}
   (You bought it in a shop in a bazaar)

   It affects your dexterity (+6).
 e - a +1 pair of boots (worn)
 y - a +1 cloak (worn)
 A - a +1 swamp dragon armour (worn)
 W - a +2 pair of gloves of strength (worn)
Jewellery
 c - an uncursed ring of protection from cold
 f - an uncursed ring of protection from fire
 i - an uncursed ring of see invisible
 r - an amulet of regeneration (around neck)
 x - a ring of resist corrosion (right hand)
 S - the ring of Robustness (left hand) {AC+8}
   (You found it on level 1 of the Lair of Beasts)

   [ring of protection]

   It affects your AC (+8).
Wands
 b - a wand of digging (1/24)
 h - a wand of iceblast (2/15)
 q - a wand of paralysis (0/24)
 w - a wand of paralysis (3/24)
 G - a wand of polymorph (4/24)
 I - a wand of iceblast (5/15)
 J - a wand of enslavement (5/24)
 L - a wand of heal wounds (0/9)
 N - a wand of acid (2/15)
 U - a wand of disintegration (1/24)
 X - a wand of confusion (38/48)
 Y - a wand of paralysis (10/24)
Scrolls
 l - a scroll of silence
 u - 2 scrolls of recharging
 z - 3 scrolls of teleportation
 D - 6 scrolls of fog
 F - 7 scrolls of remove curse
 H - 5 scrolls of fear
 O - 2 scrolls of magic mapping
 Q - a scroll of blinking
 T - 2 scrolls of identify
Potions
 d - 4 potions of invisibility
 g - 3 potions of resistance
 j - 5 potions of might
 t - 12 potions of curing
 B - 4 potions of agility
 C - 3 potions of lignification
 M - 4 potions of flight
 P - a potion of haste
 R - 4 potions of cancellation
Miscellaneous
 m - a fan of gales
 v - a phial of floods
Comestibles
 s - 8 meat rations
 K - 9 bread rations


   Skills:
 + Level 17.7 Fighting
 - Level 18.6 Long Blades
 - Level 13.8 Throwing
 - Level 13.2 Armour
 - Level 12.9 Dodging
 + Level 16.6 Evocations


You had 21 spell levels left.
You didn't know any spells.

Dungeon Overview and Level Annotations

Branches:
Dungeon (15/15)            Temple (1/1) D:7            Lair (6/6) D:11
  Swamp (4/4) Lair:2        Snake (4/4) Lair:2        Slime (0/5) Lair:5
    Orc (2/2) D:11            Elf (0/3) Orc:2        Vaults (4/5) D:14
  Crypt (0/3) Vaults:3     Depths (3/5) D:15

Altars:
Ashenzari
Cheibriados
Dithmenos
Elyvilon
Fedhas
Gozag
Hepliaklqana
Kikubaaqudgha
Makhleb
Nemelex Xobeh
Okawaru
Qazlal
Ru
Sif Muna
Trog
Uskayaw
Vehumet
Xom
Yredelemnul
Zin
The Shining One
Beogh

Shops:
D:4 ?   D:7 !   D:10 ?(   D:12 =   D:13 ??   Orc:2 :([   Snake:2 (
Snake:3 %=((   Vaults:1 %   Depths:1 }==

Portals:
Hell: Depths:1 Depths:2
Abyss: Depths:2

Annotations:
Swamp:4 Lernaean hydra


Innate Abilities, Weirdness & Mutations

You have a pair of small horns on your head.

Vault maps used:
D:1:      mrwooster_arrival_arrow
D:2:      lemuel_doored_altar, grunt_temple_overflow_diamond,
          overflow_temple_1_default, uniq_robin
D:3:      first_bread, elyvilon_altar_4
D:4:      serial_shops, nicolae_shop_waterfront
D:5:      corexii_shantytown, minmay_misc_feat_columns,
          nicolae_dithmenos_through_a_glass_darkly, uniq_menkaure
D:6:      nicolae_ru_path_of_blood, basic_altar
D:7:      nicolae_qazlal_style_of_elements, kiku_gazebo_pond_becter,
          eat_drink_and_be_merry_uskayaw, serial_shops, shop, grunt_livestock,
          uniq_joseph
D:8:      nicolae_whirlpool, basic_altar, hangedman_minor_gate_pass, uniq_pikel
D:10:     serial_shops, shop, shop, hangedman_abyss_or_decor_stagger,
          wad_dig_loot
D:11:     dpeg_oklobed_lair, erik_orc_2, uniq_josephine
D:12:     hangedman_cross_stitches, serial_shops, shop, minmay_misc_feat_plants
D:13:     serial_shops, nicolae_shop_behind_doors, kennysheep_mini_moat,
          minmay_beelzebubs_servants, uniq_sonja
D:14:     erik_vaults_2, uniq_rupert
D:15:     grunt_enter_depths_giant_problem,
          hangedman_abyss_or_decor_jellyfish_corner, corner_web_ring
Temple:   nicolae_temple_no_exploring_needed
Lair:1:   columned_hall_lemuel
Lair:2:   swamp_mist, guppyfry_snake_entry_garden
Lair:3:   serial_bayou, serial_bayou_shore_b, serial_bayou_shore_b,
          serial_bayou_lake_a, serial_bayou_shore_b,
          eino_small_chamber_without_monster
Lair:4:   uniq_urug
Lair:5:   regret_index_wax_grids, minmay_slime_entry_pillars,
          beast_lair_carwin_10, serial_bayou_shore_b, uniq_nessos
Lair:6:   minmay_lair_end_enchanted_forest, special_room, minivault_27
Swamp:1:  evilmike_swamp_ruin_house_1, swamp_pool1
Swamp:2:  evilmike_swamp_ruin_rubble_1, swamp_pool2, hangedman_swamp_blocks,
          hangedman_swamp_muck, infiniplex_staircase_pool, uniq_louise
Swamp:3:  serial_swamp_ruin, evilmike_swamp_ruin_wall,
          evilmike_swamp_ruin_house_4, evilmike_swamp_ruin_house_5, swamp_pool2
Swamp:4:  grunt_swamp_rune_castle, uniq_kirke
Snake:1:  uniq_aizul, uniq_agnes, uniq_nikola
Snake:2:  serial_shops, shop, basic_altar, nicolae_snake_biting_tails
Snake:3:  minmay_shoptagon
Snake:4:  snake_pit
Orc:1:    basic_altar, minmay_orc_temple_a, uniq_erolcha, uniq_snorg,
          uniq_harold
Orc:2:    grunt_orc_community_town_hall, grunt_orc_community_big_house_1,
          grunt_orc_community_big_house_2, grunt_orc_community_house_3,
          grunt_orc_community_house_2, grunt_orc_community_house_1,
          grunt_orc_community_house_2, grunt_orc_community_house_2,
          serial_shops, bzr_entry_safe, bloody_makhleb, uniq_azrael
Vaults:1: nicolae_vaults_little_squares_1, vaults_dpeg_encased_lava,
          nicolae_vaults_circle_grid_b, hangedman_vaults_stagger,
          st_smaller_cells, vaults_room_corners, ontoclasm_vaults_spin,
          nicolae_vaults_network_periphery, ontoclasm_vaults_misaligned,
          hangedman_vaults_impose, serial_shops, shop
Vaults:2: nicolae_vaults_puzzle_piece, grunt_vaults_diagonal,
          ontoclasm_vaults_fault, hangedman_vaults_snaps,
          ontoclasm_vaults_claustrophobia, nicolae_vaults_little_squares_4,
          dpeg_vaults_monster_row, v_misc_15, v_rooms_1, v_misc_22,
          vaults_dpeg_ring, v_misc_9, nicolae_vaults_little_squares_6,
          nicolae_vaults_alarming
Vaults:3: nicolae_vaults_little_squares_1, minmay_crypt_entry_simple_sparse,
          nicolae_vaults_twisting_passages, v_alt_pattern_3,
          ontoclasm_vaults_idyll, ontoclasm_vaults_twist, v_misc_27,
          ontoclasm_vaults_loading_screen, nicolae_vaults_mini_display_case
Vaults:4: nicolae_vaults_quartermaster, grunt_vaults_funnel, v_pattern_5,
          nicolae_vaults_windows_and_doors_thing, ontoclasm_vaults_chip,
          v_misc_19, vaults_mumra_hex, ontoclasm_vaults_ring_large,
          nicolae_vaults_little_squares_3, v_misc_17,
          nicolae_vaults_ring_of_whatevers, nicolae_vaults_yaktaur_gun_rack,
          v_misc_14
Depths:1: serial_shops, bzr_entry_gold, minivault_11, grunt_mini_vestibule,
          wad_floor_pattern_2, small_chamber_with_monster, minmay_shop_grove,
          serial_bayou_shore_b
Depths:2: grunt_runaround, hell_entry, abyss_entry
Depths:3: minmay_quarter_circles, abyss_entry_flame_altar, pan_entry,
          hellmouth_1, minmay_staircase_statues
Abyss:4:  hangedman_abyss_rune_macabre_mess
Abyss:5:  evilmike_abyss_rune_siren_acolytes
Bazaar:   bazaar_minmay_generic_island, bazaar_jpeg_cross


Message History

You close the door.
Charge which item? (? for menu, Esc to quit)
As you read the scroll of recharging, it crumbles to dust.
Your wand of heal wounds (0/9) glows for a moment and now has 3 charges.
Evoke which item? (* to show all) (? for menu, Esc to quit)
Zapping:
L - a wand of heal wounds (3/9)
Press: ? - help, Shift-Dir - straight line, f - you You feel much better.
This wand has 2 charges left.
Okay, then.
Unknown command.
Evoke which item? (* to show all) (? for menu, Esc to quit)
Zapping:
L - a wand of heal wounds (2/9)
Press: ? - help, Shift-Dir - straight line, f - you You feel much better.
This wand has 1 charge left.
A frost giant opens the door.
Unknown command.
Evoke which item? (* to show all) (? for menu, Esc to quit)
Okay, then.
Unknown command.
Press: ? - help, v - describe, . - travel
Here: a caustic shrike (moderately wounded)
An open door.
Unknown command.
Unknown command.
Charge which item? (? for menu, Esc to quit)
As you read the scroll of recharging, it crumbles to dust.
Your wand of heal wounds (1/9) glows for a moment and now has 3 charges.
The caustic shrike completely misses you.
The caustic shrike claws you!
You are splashed with acid!
The acid burns!
You resist. The caustic shrike claws you!
* * * LOW HITPOINT WARNING * * *
You are splashed with acid!
The acid burns!
You resist.
* * * LOW HITPOINT WARNING * * *
Evoke which item? (* to show all) (? for menu, Esc to quit)
Zapping:
L - a wand of heal wounds (3/9)
Press: ? - help, Shift-Dir - straight line, f - you You feel much better.
This wand has 2 charges left.
The caustic shrike claws you!
You are splashed with acid!
The acid burns!
You resist. The caustic shrike claws you!
* * * LOW HITPOINT WARNING * * *
You are splashed with acid!
The acid corrodes you!
The acid burns!
You resist.
* * * LOW HITPOINT WARNING * * *
The caustic shrike claws you!
* * * LOW HITPOINT WARNING * * *
You are splashed with acid!
The acid burns!
You resist.
* * * LOW HITPOINT WARNING * * *
Evoke which item? (* to show all) (? for menu, Esc to quit)
Okay, then.
Unknown command.
Blink to where?
Press: ? - help, Dir - move target cursor
As you read the scroll of blinking, it crumbles to dust.
Blink to where?
Press: ? - help, Dir - move target cursor
As you read the scroll of blinking, it crumbles to dust.
Evoke which item? (* to show all) (? for menu, Esc to quit)
Zapping:
L - a wand of heal wounds (2/9)
Press: ? - help, Shift-Dir - straight line, f - you You feel much better.
This wand has 1 charge left.
Unknown command.
Your troll goes berserk!
You feel quite a bit more hungry. The caustic shrike claws you!
* * * LOW HITPOINT WARNING * * *
You are splashed with acid!
The acid burns!
You resist.
* * * LOW HITPOINT WARNING * * *
The caustic shrike claws you.
* * * LOW HITPOINT WARNING * * *
You are splashed with acid!
The acid burns!
You resist.
* * * LOW HITPOINT WARNING * * *
The caustic shrike claws you!
* * * LOW HITPOINT WARNING * * *
You are splashed with acid!
The acid burns!
You resist.
* * * LOW HITPOINT WARNING * * *
The caustic shrike barely misses you.
You riposte.
You hit the caustic shrike.
The caustic shrike is lightly wounded.
Your troll rages.
Evoke which item? (* to show all) (? for menu, Esc to quit)
Zapping:
L - a wand of heal wounds (1/9)
Press: ? - help, Shift-Dir - straight line, f - you You feel much better.
This wand has 0 charges left.
You are feeling very hungry.
The caustic shrike claws you!
* * * LOW HITPOINT WARNING * * *
You are splashed with acid!
The acid burns!
You resist.
* * * LOW HITPOINT WARNING * * *
Your troll closely misses the caustic shrike.
Your troll barely misses the caustic shrike.
Your troll claws the caustic shrike.
The caustic shrike completely misses you.
The caustic shrike claws you.
* * * LOW HITPOINT WARNING * * *
You are splashed with acid!
The acid corrodes you!
The acid burns!
You resist.
* * * LOW HITPOINT WARNING * * *
Your troll barely misses the caustic shrike.
Your troll misses the caustic shrike.
Your troll claws the caustic shrike.
You feel yourself speed up.
Your troll barely misses the caustic shrike. x2
Your troll closely misses the caustic shrike.
The caustic shrike claws you!!
You die...

#####..##.## ##†§§§## .#
#...#...#### #.§≈§#
.###...#..#)#)# ########.≈§#
.##...##..##[#####..<.##..###
.#....#...###.##.........##
.....##...# ##.........###
...###....# ##........#
####.....[# ##.......#
#.........#####.@..#..##
.....§...[#.?#Tb...####
........C....8.8...####
.......####...>.......####
....#### #..8.8#........##
..### ##....##........## b##
#.....##.........## .#
#....####..#......# ##
#/....# #######...#


You could see a caustic shrike and a friendly troll (berserk).

Vanquished Creatures
  A golden dragon (Depths:2)
  4 caustic shrikes
  Nikola (Snake:1)
  5 liches
  A tentacled monstrosity (Depths:2)
  Rupert (D:14)
  A titan (Depths:2)
  A quicksilver dragon (Depths:2)
  Kirke (Swamp:4)
  A thorn hunter (Swamp:2)
  Agnes (Snake:1)
  3 tengu reavers
  2 sphinxes
  11 greater nagas
  An azure jelly (Lair:6)
  8 fire giants
  An orc warlord (Orc:2)
  2 deep elf sorcerers (Vaults:4)
  Aizul (Snake:1)
  10 frost giants
  Louise (Swamp:2)
  4 vault wardens
  18 very ugly things
  7 stone giants
  14 ironheart preservers
  Nessos (Lair:5)
  An entropy weaver (Vaults:4)
  3 vampire knights
  4 spark wasps
  A starcursed mass (Abyss:5)
  Azrael (Orc:2)
  4 ettins
  4 death oozes (Lair:6)
  14 yaktaur captains
  A deep elf death mage (Vaults:3)
  2 jiangshi (Depths:2)
  Josephine (D:11)
  A fire dragon (Depths:3)
  15 ogre magi
  6 great orbs of eyes
  A hell beast (Depths:1)
  8 naga warriors
  10 ice dragons
  Harold (Orc:1)
  10 rakshasas
  3 ghost crabs (Swamp:3)
  23 hydras
  9 vault guards
  9 centaur warriors
  4 spriggan air magi
  4 alligators
  3 anacondas
  7 deep troll shamans
  3 deep troll earth magi
  4 tengu warriors
  Urug (Lair:4)
  3 vampire magi
  3 death yaks (Lair:4)
  A thrashing horror (Abyss:5)
  2 orc high priests (Orc:2)
  3 spriggan berserkers
  A storm dragon zombie (Depths:2)
  2 shock serpents
  Sonja (D:13)
  18 naga sharpshooters
  2 soul eaters
  3 deep elf knights
  3 small abominations
  2 hell knights (Depths:3)
  A salamander mystic (Snake:3)
  A fire crab (shapeshifter) (Depths:1)
  3 iron trolls
  8 skeletal warriors
  2 wretched stars (Abyss:5)
  2 shadow wraiths
  20 deep trolls
  7 naga ritualists
  7 giant orange brains
  A deep troll (shapeshifter) (Depths:2)
  2 flayed ghosts (Depths:2)
  5 unseen horrors
  A death drake (shapeshifter) (Vaults:4)
  10 ironbrand convokers
  Pikel (D:8)
  9 swamp dragons
  5 hill giants
  A lindwurm (Lair:5)
  A wizard (Vaults:2)
  A phantasmal warrior (Vaults:3)
  A harpy (shapeshifter) (Vaults:1)
  4 deep elf archers
  12 orc knights
  2 necromancers
  11 mana vipers
  36 ugly things
  4 manticores
  6 griffons
  4 hornets
  5 orc sorcerers
  3 wolf spiders
  6 deep elf magi
  A salamander (shapeshifter) (D:15)
  9 salamanders
  A moth of wrath (shapeshifter) (Vaults:4)
  A worldbinder (Abyss:5)
  4 cyclopes
  An elephant (shapeshifter) (Vaults:1)
  4 centaur zombies
  34 black mambas
  10 elephants
  A smoke demon (Abyss:4)
  14 naga magi
  Joseph (D:7)
  A torpor snail (Lair:5)
  2 black mambas (shapeshifter)
  A rust devil (Depths:1)
  10 vault sentinels
  5 orange demons (D:13)
  A gargoyle (D:14)
  2 rime drakes
  The ghost of herpmino the Scratcher, a novice FeAr of Cheibriados (Lair:1)
  16 spiny frogs
  2 freezing wraiths
  A yaktaur (shapeshifter) (Depths:3)
  32 yaktaurs
  10 komodo dragons
  An ancient zyme (Abyss:5)
  A giant leech (Swamp:3)
  2 red devils (D:13)
  10 trolls
  A two-headed ogre (shapeshifter) (Vaults:3)
  18 two-headed ogres
  A queen bee (Lair:5)
  3 tengu conjurers
  A meliai (shapeshifter) (Vaults:1)
  A sphinx simulacrum (Depths:2)
  4 polar bears (Lair:6)
  45 slime creatures
  3 meliai (Lair:5)
  20 blink frogs
  3 raiju (Abyss:5)
  2 frost giant simulacra
  A raiju (shapeshifter) (Vaults:3)
  A boulder beetle (Lair:4)
  12 bog bodies
  5 air elementals
  A centaur simulacrum (D:14)
  2 redbacks
  78 yaks
  15 spriggans
  4 shadows
  A spriggan (shapeshifter) (Depths:1)
  3 wyverns
  A water elemental (D:11)
  3 wraiths
  A human (D:7)
  4 fire elementals (Orc:2)
  A hog (shapeshifter) (Depths:2)
  A ynoxinul (Abyss:4)
  A basilisk (Lair:5)
  A steam dragon (shapeshifter) (Vaults:4)
  15 hippogriffs
  2 hungry ghosts
  2 hogs
  An elf skeleton (Vaults:1)
  15 swamp worms
  8 wargs
  Menkaure (D:5)
  3 insubstantial wisps (Swamp:1)
  10 vampire mosquitoes
  4 mottled dragons
  36 nagas
  8 large abominations
  14 water moccasins
  3 hell hounds
  47 orc warriors
  6 porcupines
  13 swamp drakes
  5 sky beasts
  6 ice beasts
  A phantom (D:11)
  A slave (D:8)
  8 wasps
  6 black bears
  2 eyes of draining (shapeshifter)
  An eye of draining (D:10)
  70 ogres
  8 boggarts
  A necrophage (D:7)
  20 centaurs
  37 wolves
  11 crocodiles
  4 big kobolds
  The ghost of Duffy the Ruffian, an amateur VSTm (D:3)
  A gnoll sergeant (D:7)
  15 giant frogs
  5 scorpions
  3 human simulacra (Vaults:1)
  46 killer bees
  15 wights
  2 electric eels (Lair:3)
  9 howler monkeys
  10 crimson imps
  3 giant frog zombies
  3 quasits
  6 centaur skeletons
  10 hounds
  5 giant frog skeletons
  17 jellies
  36 orc priests
  13 iguanas
  28 orc wizards
  13 worker ants
  9 sheep
  2 hound zombies
  A hound skeleton (D:7)
  A worker ant zombie (D:11)
  Robin (D:2)
  10 gnolls
  11 adders
  8 river rats (Lair:1)
  3 shadow imps
  8 oozes
  An adder zombie (D:6)
  3 worms
  3 dart slugs
  4 giant geckos
  124 orcs
  A ball python (D:1)
  5 bats
  6 giant cockroaches
  20 goblins
  15 hobgoblins
  9 jackals
  10 kobolds
  5 quokkas
  5 giant newts
  A quokka zombie (D:6)
  7 rats
  A plant (D:11)
1787 creatures vanquished.

Vanquished Creatures (collateral kills)
  The ghost of Ijustatesigmund the Champion of Chaos, a journeyman DsFi of Makhleb (Orc:2)
  An ettin (Depths:2)
  Snorg (Orc:1)
  An ice dragon (Depths:2)
  Erolcha (Orc:1)
  A slime creature (Vaults:1)
6 creatures vanquished.

Vanquished Creatures (others)
  A fire giant (Depths:2)
  2 deep elf knights (Vaults:4)
  A black mamba (Snake:3)
  5 humans (Swamp:4)
  A slave (D:8)
  An orc warrior (D:12)
  An ogre (Vaults:4)
  A crimson imp (Depths:3)
  2 orcs
  A quokka (D:3)
  A jackal zombie (D:8)
  3 briar patches (Swamp:2)
  21 fungi
  16 plants
  8 starspawn tentacles (Abyss:5)
65 creatures vanquished.

Grand Total: 1858 creatures vanquished

Action                   |  1- 3 |  4- 6 |  7- 9 | 10-12 | 13-15 | 16-18 | 19-21 | 22-24 || total
-------------------------+-------+-------+-------+-------+-------+-------+-------+-------++-------
Melee: Falchion          |   138 |   342 |   430 |       |       |       |       |       ||   910
       Great sword       |       |       |   152 |   957 |  2190 |  2442 |  2732 |    25 ||  8498
       Double sword      |       |       |       |   222 |       |       |       |       ||   222
       Headbutt          |       |       |       |       |   315 |   657 |   910 |    11 ||  1893
Throw: Throwing net      |       |       |       |       |       |       |     3 |       ||     3
       Javelin           |       |       |       |       |       |       |    18 |       ||    18
Invok: Berserk           |       |     7 |    15 |    29 |    31 |    20 |    18 |     1 ||   121
       Trog's Hand       |       |       |       |       |     7 |    19 |    24 |       ||    50
       Brothers in Arms  |       |       |       |       |     4 |     2 |     1 |     2 ||     9
Evoke: Wand              |       |       |       |     6 |    26 |    22 |    29 |     7 ||    90
       Phial of floods   |       |       |       |       |       |       |     2 |       ||     2
       Sack of spiders   |       |       |       |       |       |       |     1 |       ||     1
  Use: Scroll            |       |     8 |    10 |    11 |    22 |    13 |    18 |     5 ||    87
       Potion            |       |       |       |       |     4 |     5 |     5 |       ||    14
 Stab: Sleeping          |     1 |       |       |       |     1 |       |       |       ||     2
       Paralysed         |       |       |       |       |    19 |     5 |    21 |     1 ||    46
       Held in net/web   |       |       |       |       |       |       |     5 |       ||     5
       Distracted        |       |       |       |       |       |       |     3 |       ||     3
       Confused          |       |       |       |       |       |       |     1 |       ||     1
  Eat: Chunk             |     3 |    13 |    19 |    32 |    23 |    13 |    31 |       ||   134
       Beef jerky        |       |     2 |     2 |     3 |       |     1 |     1 |       ||     9
       Pizza             |       |     1 |       |     8 |     2 |       |     1 |       ||    12
       Royal jelly       |       |       |     2 |       |     4 |       |       |       ||     6
       Fruit             |       |       |     8 |     2 |     1 |       |       |       ||    11
       Bread ration      |       |       |       |     3 |     9 |     3 |     3 |       ||    18
       Meat ration       |       |       |       |       |     2 |     9 |     4 |       ||    15
Armor: Animal skin       |     1 |       |       |       |       |       |       |       ||     1
       Chain mail        |    58 |   151 |    46 |       |       |       |       |       ||   255
       Scale mail        |       |       |    54 |   383 |   367 |    65 |       |       ||   869
       Ring mail         |       |       |    64 |     3 |   479 |    99 |       |       ||   645
       Swamp dragon armo |       |       |       |       |       |   550 |   668 |     8 ||  1226
Dodge: Dodged            |    38 |    77 |   224 |   610 |  1472 |  1273 |  1371 |    27 ||  5092

Action                   |  1- 3 |  4- 6 |  7- 9 | 10-12 | 13-15 | 16-18 | 19-21 | 22-24 || total
-------------------------+-------+-------+-------+-------+-------+-------+-------+-------++-------
Melee: Falchion          |   138 |   342 |   430 |       |       |       |       |       ||   910
       Great sword       |       |       |   152 |   957 |  2190 |  2442 |  2732 |    25 ||  8498
       Double sword      |       |       |       |   222 |       |       |       |       ||   222
       Headbutt          |       |       |       |       |   315 |   657 |   910 |    11 ||  1893
Throw: Throwing net      |       |       |       |       |       |       |     3 |       ||     3
       Javelin           |       |       |       |       |       |       |    18 |       ||    18
Invok: Berserk           |       |     7 |    15 |    29 |    31 |    20 |    18 |     1 ||   121
       Trog's Hand       |       |       |       |       |     7 |    19 |    24 |       ||    50
       Brothers in Arms  |       |       |       |       |     4 |     2 |     1 |     2 ||     9
Evoke: Wand              |       |       |       |     6 |    26 |    22 |    29 |     7 ||    90
       Phial of floods   |       |       |       |       |       |       |     2 |       ||     2
       Sack of spiders   |       |       |       |       |       |       |     1 |       ||     1
  Use: Scroll            |       |     8 |    10 |    11 |    22 |    13 |    18 |     5 ||    87
       Potion            |       |       |       |       |     4 |     5 |     5 |       ||    14
 Stab: Sleeping          |     1 |       |       |       |     1 |       |       |       ||     2
       Paralysed         |       |       |       |       |    19 |     5 |    21 |     1 ||    46
       Held in net/web   |       |       |       |       |       |       |     5 |       ||     5
       Distracted        |       |       |       |       |       |       |     3 |       ||     3
       Confused          |       |       |       |       |       |       |     1 |       ||     1
  Eat: Chunk             |     3 |    13 |    19 |    32 |    23 |    13 |    31 |       ||   134
       Beef jerky        |       |     2 |     2 |     3 |       |     1 |     1 |       ||     9
       Pizza             |       |     1 |       |     8 |     2 |       |     1 |       ||    12
       Royal jelly       |       |       |     2 |       |     4 |       |       |       ||     6
       Fruit             |       |       |     8 |     2 |     1 |       |       |       ||    11
       Bread ration      |       |       |       |     3 |     9 |     3 |     3 |       ||    18
       Meat ration       |       |       |       |       |     2 |     9 |     4 |       ||    15
Armor: Animal skin       |     1 |       |       |       |       |       |       |       ||     1
       Chain mail        |    58 |   151 |    46 |       |       |       |       |       ||   255
       Scale mail        |       |       |    54 |   383 |   367 |    65 |       |       ||   869
       Ring mail         |       |       |    64 |     3 |   479 |    99 |       |       ||   645
       Swamp dragon armo |       |       |       |       |       |   550 |   668 |     8 ||  1226
Dodge: Dodged            |    38 |    77 |   224 |   610 |  1472 |  1273 |  1371 |    27 ||  5092
